 Dungeon Crawl Stone Soup version 0.32-a0-768-g0f6f1dd4b9 (webtiles) character file.

Game seed: 14815804566512200906

42868 lunkers the Carver (level 14, 0/169 HPs)
             Began as a Coglin Berserker on Mar 13, 2024.
             Was the Champion of Trog.
             Slain by a komodo dragon (8 damage)
             ... on level 5 of the Lair of Beasts on Mar 18, 2024.
             The game lasted 00:29:12 (17311 turns).

lunkers the Carver (Coglin Berserker)              Turns: 17311, Time: 00:29:13

Health: 0/169      AC: 15    Str: 27    XL:     14   Next: 21%
Magic:  14/14      EV: 13    Int: 11    God:    Trog [******]
Gold:   1681       SH:  0    Dex: 14    Spells: 13/13 levels left

rFire   + . .        p - +7 scimitar (venom) {Hajoon}
rCold   . . .        j - +8 falchion of the Sneaky Continents {venom, rCorr}
rNeg    . . .        C - +1 scale mail "Qafowan" {Str+4 Int+5}
rPois   +            G - +2 hat {Will+}
rElec   .            (no cloak)
rCorr   +            (no gloves)
SInv    .            l - +2 pair of boots
Will    ++...        (amulet unavailable) Stlth
                     (ring unavailable)
HPRegen 0.48/turn    (ring unavailable)
MPRegen 0.14/turn    O - megaturbine N-70 {Gadgeteer, rPois rF+ rCorr}

%: no passive effects
@: berserking, lethally poisoned (0 -> -4), revved, very quick
A: off-hand wielding, slow wielding, warmup strikes, no jewellery
a: Renounce Religion, Berserk, Trog's Hand, Brothers in Arms


You were on level 5 of the Lair of Beasts.
You worshipped Trog.
Trog was exalted by your worship.
You visited 2 branches of the dungeon, and saw 16 of its levels.

You collected 1951 gold pieces.
You spent 270 gold pieces at shops.

Inventory:

Hand Weapons
 b - a +3 short sword of electrocution {Imanvir}
 j - the +8 falchion of the Sneaky Continents (offhand) {venom, rCorr}
   (You found it on level 2 of the Dungeon)

   rCorr:     It protects you from acid and corrosion.
 p - a +7 scimitar of venom (weapon) {Hajoon}
 t - a +2 long sword
Missiles
 g - 2 curare-tipped darts
Armour
 l - a +2 pair of boots (worn)
 y - a +0 pair of boots of flying
 C - the +1 scale mail "Qafowan" (worn) {Str+4 Int+5}
   (You bought it in a shop on level 8 of the Dungeon)

   Str+4:     It affects your strength (+4).
   Int+5:     It affects your intelligence (+5).
 G - a +2 hat of willpower (worn)
Gizmo
 O - a megaturbine N-70 (installed) {Gadgeteer, rPois rF+ rCorr}
   (You invented it yourself on level 5 of the Lair of Beasts)

   [megaturbine N-70]

   Gadgeteer: Your evocable items recharge 30% faster and wands have a 30%
   chance to not spend a charge.
   rF+:       It protects you from fire.
   rPois:     It protects you from poison.
   rCorr:     It protects you from acid and corrosion.
Wands
 a - a wand of charming (3)
 n - a wand of mindburst (20)
 A - a wand of polymorph (6)
 I - a wand of flame (22)
 K - a wand of acid (15)
Scrolls
 d - a scroll of enchant weapon
 e - 2 scrolls of blinking
 h - 5 scrolls of immolation
 k - 4 scrolls of vulnerability
 m - 4 scrolls of fear
 s - a scroll of silence
 u - 4 scrolls of teleportation
 z - 3 scrolls of revelation
 E - 2 scrolls of enchant armour
 F - 4 scrolls of poison
 L - a scroll of butterflies
 M - 7 scrolls of identify
 N - a scroll of amnesia {unknown}
Potions
 c - 4 potions of heal wounds
 f - a potion of enlightenment
 i - 5 potions of magic
 o - 3 potions of haste
 q - 8 potions of curing
 r - a potion of cancellation
 v - 5 potions of attraction
 w - 2 potions of ambrosia
 x - 2 potions of might
 B - a potion of lignification
 D - 13 potions of degeneration
 H - 3 potions of resistance
Miscellaneous
 J - a phial of floods


   Skills:
 + Level 11.0 Fighting
 - Level 2.7(8.6) Short Blades
 - Level 13.8(14.0) Long Blades
 - Level 3.9 Maces & Flails
 + Level 9.8 Armour
 + Level 9.5 Dodging
 + Level 11.2 Evocations


You had 13 spell levels left.
You didn't know any spells.
Your spell library was empty.

Dungeon Overview and Level Annotations

Branches:
Dungeon (11/15)            Temple (0/1) D:6            Lair (5/5) D:9
 Shoals (0/4) Lair:3       Spider (0/4) Lair:3        Slime (0/5) Lair:5
    Orc (0/2) D:11

Altars:
Ashenzari
Dithmenos
Fedhas
Gozag
Kikubaaqudgha
Okawaru
Ru
Wu Jian
Zin
The Shining One
Jiyva

Shops:
D:8 [*?*   D:9 *   D:11 ?

Annotations:
D:3 2 transporters, JoadsterXIII's ghost, amateur TrGl
Lair:5 2 runed translucent doors


Innate Abilities, Weirdness & Mutations

You can wield a second weapon in your off-hand.
It takes a long time for you to wield or remove held weapons.
Your first few attacks do less damage.
You cannot equip rings or amulets.


Message History

You feel sick.
The black mamba bites you but does no damage.
Unknown command.
You closely miss the komodo dragon with your +7 scimitar of venom.
The komodo dragon is moderately wounded.
You slash the komodo dragon with the +8 falchion of the Sneaky Continents!
The komodo dragon looks as sick as possible!
You feel sick. The black mamba bites you!
* * * LOW HITPOINT WARNING * * *
The komodo dragon bites you but does no damage.
You slice the black mamba with the +8 falchion of the Sneaky Continents!!
You kill the black mamba!
Trog accepts your kill.
You feel sick.
The komodo dragon bites you but does no damage.
Your Fighting skill increases to level 11!
Unknown command.
You barely miss the komodo dragon with your +7 scimitar of venom.
The komodo dragon is heavily wounded.
You barely miss the komodo dragon with the +8 falchion of the Sneaky Continents.
You feel sick. The komodo dragon closely misses you.
Unknown command.
You slash the komodo dragon with your +7 scimitar of venom!
The komodo dragon looks as sick as possible!
The komodo dragon is almost dead.
You hit the komodo dragon but do no damage.
You feel sick.
The komodo dragon bites you but does no damage.
Unknown command.
You slash the komodo dragon with the +8 falchion of the Sneaky Continents!
You kill the komodo dragon!
Trog accepts your kill.
Unknown command.
You slice the komodo dragon with your +7 scimitar of venom!!
The komodo dragon looks as sick as possible!
The komodo dragon is heavily wounded.
You slash the komodo dragon with the +8 falchion of the Sneaky Continents!
The komodo dragon looks as sick as possible!
You feel sick. The komodo dragon bites you!
You die...

..........≈≈≈§#≈≈≈ #.........#.#
....§§§...##≈≈≈≈# ##..........#.
...≈≈≈§..#.#§§≈# #..........#..
..≈≈≈≈§§##..§§.#####.........#...
≈§≈≈≈≈§§§≈..##.ß#ß###............
≈.######§≈§......## #..........##
.## )$$##≈##.....ß# ##.........#.
§#h$..? #≈#......## #.........##
≈#h.....#≈#....†@.# ###[......##
≈#......#≈≈.....l..# ##........
§#......#≈≈≈≈##....... #..÷.....#
≈##....##§≈≈#l........##..÷....##
≈≈##++##≈§§. .......####.).....##
≈#≈§..≈§§§#......######........##
##≈≈§.≈≈≈≈ .....## ###..........#
# §.. .#..ß# #............. l.
##.............


You could see a komodo dragon (extremely poisoned).

Vanquished Creatures
  Gastronok (D:10)
  Josephine (D:10)
  3 boulder beetles
  A two-headed ogre (D:10)
  2 skysharks (Lair:5)
  The ghost of Posi the Cleaver, a novice DsFi (D:6)
  A lindwurm (Lair:5)
  A deep elf pyromancer (D:10)
  The ghost of pigah the Poker, a novice CoGl (D:6)
  A cyclops (D:11)
  A meliai (Lair:3)
  7 black mambas
  A molten gargoyle (Lair:5)
  10 elephants (Lair:4)
  7 cane toads
  An unseen horror (D:10)
  8 rime drakes
  8 komodo dragons
  A yaktaur (D:10)
  A freezing wraith (D:11)
  4 polar bears
  3 trolls
  3 hornets
  Grinder (D:6)
  20 blink frogs
  5 slime creatures
  5 wraiths (D:10)
  32 yaks
  A wyvern (Lair:2)
  2 shadows
  5 basilisks
  3 steam dragons
  3 vampire mosquitoes (D:11)
  9 water moccasins
  3 hell hounds (Lair:5)
  A swamp drake (D:11)
  4 orc warriors
  3 ice beasts (D:9)
  A black bear (D:8)
  A sky beast (D:4)
  4 ogres
  12 wolves
  3 centaurs
  A phantom (D:6)
  3 kobold brigands
  Blork the orc (D:6)
  13 bullfrogs
  A gnoll sergeant (D:10)
  5 scorpions
  17 wights
  8 killer bees
  5 howler monkeys
  An electric eel (D:6)
  3 lava snakes (Lair:5)
  4 hounds
  A bombardier beetle (D:7)
  16 jellies
  15 orc priests
  A sleepcap (D:6)
  7 iguanas
  6 orc wizards
  10 adders
  3 gnolls (D:3)
  A shadow imp (D:5)
  2 white imps
  4 ribbon worms
  9 dart slugs
  54 orcs
  9 ball pythons
  8 endoplasms
  7 giant cockroaches
  6 goblins
  9 hobgoblins
  6 jackals
  7 quokkas
  8 bats
  2 frilled lizards (D:1)
  19 kobolds
  4 rats
462 creatures vanquished.

Notes
Turn   | Place    | Note
-------+----------+-------------------------------------------
     0 | D:1      | lunkers the Coglin Berserker began the quest for the Orb.
     0 | D:1      | Reached XP level 1. HP: 18/18 MP: 1/1
    94 | D:1      | Reached XP level 2. HP: 18/24 MP: 2/2
   427 | D:1      | Reached XP level 3. HP: 25/29 MP: 3/3
   477 | D:1      | Reached ** piety under Trog
   697 | D:2      | Identified the +8 falchion of the Sneaky Continents {venom,
                  | rCorr}
   788 | D:2      | Found a faded altar of an unknown god.
  1090 | D:2      | Reached skill level 1 in Long Blades
  1242 | D:2      | Reached XP level 4. HP: 35/35 MP: 4/4
  1265 | D:2      | Reached skill level 2 in Long Blades
  1443 | D:3      | Reached skill level 1 in Short Blades
  1443 | D:3      | Reached XP level 5. HP: 20/41 MP: 5/5
  1592 | D:3      | Reached skill level 3 in Long Blades
  1810 | D:3      | Found a transporter.
  1814 | D:3      | Found a transporter.
  1814 | D:3      | Noticed JoadsterXIII's ghost (amateur TrGl)
  1828 | D:3      | Reached *** piety under Trog
  2288 | D:4      | Noticed a sky beast
  2303 | D:4      | Reached XP level 6. HP: 45/47 MP: 6/6
  2317 | D:4      | Reached skill level 4 in Long Blades
  2321 | D:4      | Reached skill level 5 in Long Blades
  2323 | D:4      | Reached XP level 7. HP: 25/52 MP: 7/7
  2355 | D:4      | Reached skill level 6 in Long Blades
  2512 | D:4      | Reached skill level 7 in Long Blades
  2827 | D:4      | Reached XP level 8. HP: 58/58 MP: 8/8
  2888 | D:4      | Reached **** piety under Trog
  3090 | D:4      | Reached skill level 8 in Long Blades
  3801 | D:5      | Entered Level 5 of the Dungeon
  3858 | D:5      | Reached skill level 9 in Long Blades
  4176 | D:5      | Reached skill level 10 in Long Blades
  4183 | D:5      | Reached XP level 9. HP: 63/63 MP: 9/9
  4341 | D:5      | Reached ***** piety under Trog
  4543 | D:5      | Found a blossoming altar of Fedhas.
  4547 | D:5      | Identified 2 scrolls of acquirement
  4547 | D:5      | Acquired 885 gold pieces
  4549 | D:5      | Acquired a +7 scimitar of freezing
  4642 | D:6      | Noticed Blork the orc
  4650 | D:6      | Killed Blork the orc
  4807 | D:6      | Noticed Grinder
  4812 | D:6      | Killed Grinder
  4813 | D:6      | Reached skill level 11 in Long Blades
  4910 | D:6      | HP: 2/63 [electric eel/bolt of electricity (8)]
  5227 | D:6      | Reached skill level 12 in Long Blades
  5232 | D:6      | Received a gift from Trog
  5413 | D:6      | Found a runed translucent gate.
  5413 | D:6      | Found a runed translucent gate.
  5413 | D:6      | Found a runed translucent gate.
  5414 | D:6      | Noticed pigah's ghost (novice CoGl)
  5414 | D:6      | Noticed Posi's ghost (novice DsFi)
  5532 | D:6      | Found a staircase to the Ecumenical Temple.
  5789 | D:6      | Killed Posi's ghost
  5790 | D:6      | Reached skill level 13 in Long Blades
  5790 | D:6      | Reached XP level 10. HP: 70/70 MP: 10/10
  5793 | D:6      | Killed pigah's ghost
  6337 | D:7      | Found an iron altar of Okawaru.
  6454 | D:7      | Reached skill level 1 in Evocations
  6466 | D:7      | Found a shadowy altar of Dithmenos.
  6631 | D:8      | Found Atemeppy's Magic Scroll Emporium.
  6631 | D:8      | Found an opulent altar of Gozag.
  6641 | D:8      | Found Ephiumif's Assorted Antiques.
  6814 | D:8      | Found an ancient bone altar of Kikubaaqudgha.
  6814 | D:8      | Found a broken altar of Ashenzari.
  6994 | D:8      | Found a glowing golden altar of the Shining One.
  7237 | D:8      | Found Gozag's Platinum Reserve.
  7249 | D:8      | Found Keahoaripn's Antique Armour Shoppe.
  7275 | D:8      | Bought an ichor-stained scale mail for 270 gold pieces
  7275 | D:8      | Identified the +1 scale mail "Qafowan" {Str+4 Int+5} (You
                  | bought it in a shop on level 8 of the Dungeon)
  7728 | D:9      | HP: 2/109 [rime drake/icy flash freeze (14)]
  7964 | D:9      | Found a glowing silver altar of Zin.
  8046 | D:9      | Reached XP level 11. HP: 78/78 MP: 11/11
  8089 | D:9      | Reached skill level 5 in Fighting
  8192 | D:9      | Reached skill level 5 in Evocations
  8205 | D:9      | Found a staircase to the Lair.
  8499 | D:9      | Found Ygimeif's General Store.
  8737 | D:10     | Entered Level 10 of the Dungeon
  8941 | D:10     | Reached skill level 5 in Armour
  8943 | D:10     | Found a blossoming altar of Fedhas.
  8948 | D:10     | Noticed a deep elf pyromancer
  8959 | D:10     | Upgraded the game from 0.32-a0-699-g1ee5eff69a to
                  | 0.32-a0-768-g0f6f1dd4b9
  8962 | D:10     | Killed a deep elf pyromancer
  9287 | D:10     | Noticed Gastronok
  9298 | D:10     | Killed Gastronok
  9299 | D:10     | Reached skill level 5 in Dodging
  9377 | D:10     | Found a sacrificial altar of Ru.
  9665 | D:10     | Noticed Josephine
  9675 | D:10     | Reached XP level 12. HP: 60/87 MP: 12/12
  9679 | D:10     | Killed Josephine
  9866 | D:10     | Noticed a two-headed ogre
  9871 | D:10     | Killed a two-headed ogre
  9907 | D:10     | Found an ornate altar of the Wu Jian Council.
 10143 | D:11     | Found Zyplibar's Magic Scroll Shoppe.
 10443 | D:11     | Noticed a boulder beetle
 10459 | D:11     | Killed a boulder beetle
 10503 | D:11     | Found a gate leading to a gauntlet.
 10571 | D:11     | Noticed a boulder beetle
 10583 | D:11     | Killed a boulder beetle
 10914 | D:11     | Found the +8 frozen axe "Frostbite" {freeze, freezing
                  | cloud, *Noise Fly rC+}
 11297 | D:11     | Found a staircase to the Orcish Mines.
 11520 | Lair:1   | Entered Level 1 of the Lair of Beasts
 11657 | Lair:1   | Reached skill level 10 in Evocations
 11817 | Lair:1   | Identified the +0 robe of Peywyen {Regen+ Str+3 SInv}
 12464 | Lair:2   | Reached XP level 13. HP: 87/99 MP: 13/13
 13408 | Lair:3   | You fall into a shaft and drop 1 floor!
 14024 | Lair:3   | Reached ****** piety under Trog
 14085 | Lair:3   | Identified the serpent talisman of Words of Power {Int+2}
 14201 | Lair:3   | Found a hole to the Spider Nest.
 14800 | Lair:3   | Reached skill level 10 in Fighting
 14859 | Lair:3   | Found a staircase to the Shoals.
 15620 | Lair:5   | Entered Level 5 of the Lair of Beasts
 15699 | Lair:5   | Found a viscous altar of Jiyva.
 16013 | Lair:5   | Received a gift from Trog
 16301 | Lair:5   | Found a staircase to the Slime Pits.
 16511 | Lair:5   | Reached XP level 14. HP: 106/111 MP: 14/14
 16511 | Lair:5   | Acquired a megaturbine N-70 {Gadgeteer, rPois rF+ rCorr}
 17200 | Lair:5   | Found a large runed translucent door.
 17200 | Lair:5   | Found a large runed translucent door.
 17309 | Lair:5   | HP: 8/169 [poisoned by a black mamba]
 17311 | Lair:5   | Slain by a komodo dragon

Illustrated notes

Levels and vault maps discovered:
D:1:      minmay_arrival_stair_chambers, layout_rooms, minmay_misc_feat_roman,
          minivault_23
D:2:      layout_loops_ring, hellmonk_ecumenical_altar_arch_garden,
          minmay_quadrilaterals
D:3:      layout_loops_cross, gammafunk_ghost_arena, st_stairs_14
D:4:      minmay_clustersquares, layout_basic, serial_co_window_serial,
          co_window_paths_a, co_window_paths_a, co_window_paths_a,
          co_window_paths_a, co_window_paths_a, co_window_2corner,
          co_window_corner_b, co_window_corner_b, co_window_paths_c,
          co_window_2corner, co_window_paths_d, co_window_4corner_b,
          glass_columns_a, glass_columns_a, grunt_ministairs_14
D:5:      layout_basic, kennysheep_mini
D:6:      kennysheep_slugbush, layout_basic, minmay_temple_entry_proselytizer,
          gammafunk_ghost_cemetery, uniq_blork_the_orc, uniq_grinder
D:7:      layout_loops_cross, mainiacjoe_overflow_big_doors
D:8:      layout_loops_ring, nicolae_overflow_hidden_temple,
          nicolae_gozag_zags_fifth_avenue, grunt_temple_overflow_open,
          serial_shops, shop, shop, nicolae_stop_n_shop_2
D:9:      layout_basic, mainiacjoe_overflow_tiny_flanked,
          hellmonk_lair_entry_icy, serial_shops, nicolae_lakefront_shop,
          nicolae_the_louvre
D:10:     layout_stronghold, hangedman_ru_absence,
          lemuel_coloured_pillars_altar, minmay_ruined_shrine, uniq_josephine,
          uniq_gastronok
D:11:     minmay_coctagon, layout_gridville, erik_orc_1, gauntlet_entry_generic,
          serial_shops, nicolae_shop_trees
Lair:1:   layout_gridlike, minmay_hedge_maze
Lair:2:   layout_loops_ring, cheibrodos_lair_reptile_den
Lair:3:   layout_concentric_octagons, shoals_dummy_entry,
          hellmonk_spider_entry_not_the_bees
Lair:4:   layout_cave_pods
Lair:5:   cheibrodos_lair_end_hotspot, layout_regular_city,
          minmay_slime_entry_jelly_boxes, guppyfry_lair_drakes

Skill      XL: |  1  2  3  4  5  6  7  8  9 10 11 12 13 14 |
---------------+-------------------------------------------+-----
Maces & Flails | 3 |  3.9
Long Blades    | 1 2 3 5 7 10 13 | 13.8
Short Blades   | 1 2 |  2.7
Armour         | 3 5 7 9 |  9.8
Evocations     | 4 7 10 11 | 11.2
Fighting       | 4 6 8 10 11 | 11.0
Dodging        | 3 5 7 9 |  9.5

Action                     |  1- 3 |  4- 6 |  7- 9 | 10-12 | 13-15 || total
---------------------------+-------+-------+-------+-------+-------++-------
  Melee: Mace              |    78 |     4 |       |       |       ||    82
         Dagger            |    46 |       |       |       |       ||    46
         Falchion          |    28 |    69 |   152 |   342 |   322 ||   913
         Short sword       |       |    58 |    93 |       |       ||   151
         Scimitar          |       |       |    60 |   351 |   320 ||   731
  Throw: Dart              |       |       |     1 |       |       ||     1
 Invoke: Berserk           |       |     1 |     3 |     7 |     5 ||    16
         Trog's Hand       |       |       |     1 |     1 |       ||     2
Ability: Invent Gizmo      |       |       |       |       |     1 ||     1
  Evoke: Wand              |       |       |     1 |     2 |     1 ||     4
    Use: Scroll            |       |     7 |     9 |    11 |       ||    27
 Armour: Animal skin       |    54 |       |       |       |       ||    54
         Ring mail         |     2 |    54 |   102 |    49 |       ||   207
         Scale mail        |       |       |       |   212 |   236 ||   448
  Dodge: Dodged            |    54 |    53 |    48 |   162 |   190 ||   507

Table legend: (Time is in decaauts)
 A = Elapsed time spent in this place.
 B = Non-inter-level travel time spent in this place.
 C = Inter-level travel time spent in this place.
 D = Time resting spent in this place.
 E = Time spent auto-exploring this place.
 F = Levels seen in this place.
 G = Mean time per level.
                   A        B        C        D        E       F      G
               +--------+--------+--------+--------+--------+-----+--------+
         Total |  17188 |  16724 |    464 |    488 |  13870 |  16 | 1074.2 |
       Dungeon |  11505 |  11139 |    366 |    438 |   8997 |  11 | 1045.9 |
          Lair |   5683 |   5586 |     97 |     50 |   4872 |   5 | 1136.6 |
               +--------+--------+--------+--------+--------+-----+--------+

Top non-repeatable levels by time:
  Lair:5: 1598 daAuts
     D:4: 1585 daAuts
    D:10: 1391 daAuts
    D:11: 1359 daAuts
     D:6: 1323 daAuts
     D:9: 1175 daAuts
  Lair:3: 1155 daAuts
  Lair:2: 1128 daAuts
  Lair:4: 1091 daAuts
     D:8: 930 daAuts
     D:3: 783 daAuts
     D:5: 781 daAuts
     D:2: 773 daAuts
     D:7: 731 daAuts
  Lair:1: 709 daAuts
